 Dungeon Crawl Stone Soup version 0.30-a0-141-g30f27751c5 (webtiles) character file.

Game seed: 15175918537455460753

346 greasedhog the Caller (level 6, 0/32 HPs)
             Began as a Gargoyle Summoner on Sept 25, 2022.
             Slain by a gnoll
             ... wielding a +4 halberd
             ... led by a gnoll bouda
              (11 damage)
             ... on level 4 of the Dungeon.
             The game lasted 00:06:30 (3353 turns).

greasedhog the Caller (Gargoyle Summoner)           Turns: 3353, Time: 00:06:30

Health: 0/32       AC:  8    Str: 11    XL:     6   Next: 59%
Magic:  4/12       EV: 11    Int: 19    God:
Gold:   165        SH:  0    Dex: 10    Spells: 8/14 levels left

rFire   . . .      SeeInvis +    c - +9 short sword of the Establishment {spect, rCorr Str-3 Int+4 SInv}
rCold   . . .      Faith    .    (no shield)
rNeg    + . .      Spirit   .    a - +0 robe
rPois   ∞          Reflect  .    i - +0 helmet
rElec   +          Harm     .    (no cloak)
rCorr   +          Rampage  .    o - +0 pair of gloves
Will    .....                    (no boots)
Stlth   ++........               (no amulet)
HPRegen 0.10/turn                (no ring)
MPRegen 0.13/turn                (no ring)

@: no status effects
A: sickness immunity, AC +4, negative energy resistance 1, electricity
resistance, torment resistance 1, petrification resistance
a: no special abilities


You were on level 4 of the Dungeon.
You visited 1 branch of the dungeon, and saw 4 of its levels.

You collected 165 gold pieces.

Inventory:

Hand Weapons
 c - the +9 short sword of the Establishment (weapon) {spect, rCorr Str-3 Int+4 SInv}
   (You acquired it on level 1 of the Dungeon)

   When its wielder attacks, the weapon's spirit leaps out and strikes again.
   The spirit shares a part of any damage it takes with its wielder.
   Str:       It affects your strength (-3).
   Int:       It affects your intelligence (+4).
   SInv:      It lets you see invisible.
   rCorr:     It protects you from acid and corrosion.
Missiles
 m - a throwing net
Armour
 a - a +0 robe (worn)
 i - a +0 helmet (worn)
 o - a +0 pair of gloves (worn)
Scrolls
 j - a scroll of poison {unknown}
 k - a scroll of vulnerability {unknown}
 n - a scroll of brand weapon {unknown}
 p - a scroll of magic mapping {unknown}
Potions
 b - a potion of magic
 d - 2 potions of haste
 e - 2 potions of attraction {unknown}
 f - 3 potions of curing {unknown}
 g - a potion of might {unknown}
 h - a potion of degeneration {unknown}
 l - a potion of lignification {unknown}


   Skills:
 - Level 1.5 Dodging
 - Level 2.1 Stealth
 * Level 4.5 Spellcasting
 * Level 5.5 Summonings


You had 8 spell levels left.
You knew the following spells:

 Your Spells              Type           Power      Damage    Failure   Level
a - Summon Small Mammal   Summ           100%       N/A       1%          1
b - Call Imp              Summ           25%        N/A       1%          2
c - Call Canine Familiar  Summ           25%        N/A       4%          3

Your spell library contained the following spells:

 Spells                   Type           Power      Damage    Failure   Level
 Summon Guardian Golem    Hex/Summ       14%        N/A       12%         3
 Ensorcelled Hibernation  Hex/Ice        8%         N/A       21%         2
 Passwall                 Tmut/Erth      3%         N/A       21%         2
 Poisonous Vapours        Pois/Air       8%         N/A       21%         2
 Swiftness                Air            4%         N/A       36%         3
 Summon Lightning Spire   Summ/Air       14%        N/A       38%         4
 Cigotuvi's Dreadful Rot  Necr/Pois/Air  Unusable   N/A       N/A         2

Dungeon Overview and Level Annotations

Branches:
Dungeon (4/15)
 Temple: D:4-7

Altars:
Cheibriados
Kikubaaqudgha
Wu Jian

Shops:
D:1 ?


Innate Abilities, Weirdness & Mutations

You are immune to sickness and miasma.
Your stone body is resilient. (AC +4)
You are immune to poison.
You resist negative energy. (rN+)
You are resistant to electric shocks. (rElec)
You are resistant to unholy torment.
You are immune to petrification.


Message History

The gnoll hits you with a +0 club.
You puncture the gnoll!
You kill the gnoll!
Your hound bites the gnoll bouda but does no damage.
Your white imp gestures at the gnoll bouda.
The puff of frost hits the gnoll bouda.
The gnoll bouda barks out a call to the hunt!
The gnoll picks up the pace!
You hear a shout!
You swap places.
Your hound bites the gnoll bouda.
Your quokka bites the gnoll bouda.
The gnoll hits you but does no damage. The gnoll bouda closely misses you.
You closely miss the gnoll bouda.
The gnoll bouda is heavily wounded.
Your +9 short sword of the Establishment {spect, rCorr Str-3 Int+4 SInv} hits the gnoll bouda!
Your quokka bites the gnoll bouda.
Your hound bites the gnoll bouda.
The gnoll bouda dies!
The gnoll hits you from afar with a +4 halberd!
Your hound closely misses the gnoll.
Your hound bites the gnoll but does no damage.
The gnoll hits your quokka with a +4 halberd.
What are your orders? t - Shout!
Orders for allies: a - Attack new target. r - Retreat! s - Stop attacking. g - Guard the area. f - Follow me.
Anything else - Cancel.
Gang up on whom?
Press: ? - help, Dir - move target, f - gnoll
Aim: a gnoll, wielding a +4 halberd (covering ground quickly, ally target) Attack!
Your quokka closely misses the gnoll.
Your hound closely misses the gnoll.
Your quokka bites the gnoll but does no damage.
The gnoll hits your quokka with a +4 halberd!
Your quokka dies!
Your quokka's corpse disappears in a puff of smoke!
Your magical contamination has completely faded away.
Your hound bites the gnoll. x2
The gnoll hits you from afar with a +4 halberd!
You die...

...>......##...
#+###.....##...
####.####.. #.# #..
+##+.##.####..
#..#..........
#+###+#..########.#.
#....)#..#..........
+..@..+..+...###.###
#...5h#..##........#
#+###g#..###[#.#.#.#
#....g#..##..###.#.#
+##)##'##'.......#.#
g.#.....#########.#
..g.#.....# #.. ##+#
+##+### ###


You could see 2 gnolls, a friendly hound (summoned) and a friendly white imp
(summoned).

Vanquished Creatures
  A scorpion (D:4)
  A jelly (D:4)
  An iron imp (D:4)
  An iguana (D:4)
  3 gnolls
  5 adders
  2 worms
  5 dart slugs
  2 orcs (D:3)
  5 endoplasms
  2 giant cockroaches (D:3)
  4 goblins
  5 hobgoblins
  4 jackals
  A quokka (D:2)
  3 ball pythons
  4 frilled lizards
  5 kobolds
  A rat (D:1)
  A spectral kobold (D:1)
56 creatures vanquished.

Vanquished Creatures (collateral kills)
  A gnoll bouda (D:4)
  An iguana (D:4)
  A goblin (D:1)
  2 jackals (D:4)
  A kobold (D:1)
  A ball python (D:1)
  A rat (D:1)
8 creatures vanquished.

Vanquished Creatures (others)
  A hobgoblin (D:1)
1 creature vanquished.

Grand Total: 65 creatures vanquished

Notes
Turn   | Place    | Note
-------+----------+-------------------------------------------
     0 | D:1      | greasedhog the Gargoyle Summoner began the quest for the
                  | Orb.
     0 | D:1      | Reached XP level 1. HP: 10/10 MP: 3/3
   107 | D:1      | Found Paphin's Magic Scroll Shop.
   443 | D:1      | Reached XP level 2. HP: 6/15 MP: 3/5
   659 | D:1      | Identified a scroll of acquirement
   659 | D:1      | Acquired the +9 short sword of the Establishment {spect,
                  | rCorr Str-3 Int+4 SInv}
   784 | D:1      | Learned a level 2 spell: Call Imp
   817 | D:1      | Found a faded altar of an unknown god.
   847 | D:1      | Reached skill level 4 in Summonings
  1076 | D:1      | Reached XP level 3. HP: 19/19 MP: 6/6
  1256 | D:2      | You fall into a shaft and drop 1 floor!
  1372 | D:3      | Learned a level 3 spell: Call Canine Familiar
  1432 | D:3      | Reached XP level 4. HP: 24/24 MP: 8/8
  2772 | D:4      | Noticed a scorpion
  2784 | D:4      | Killed a scorpion
  2785 | D:4      | Reached XP level 5. HP: 28/28 MP: 1/10
  2929 | D:4      | Reached skill level 5 in Summonings
  2969 | D:4      | Found an ancient bone altar of Kikubaaqudgha.
  3006 | D:4      | Found a snail-covered altar of Cheibriados.
  3012 | D:4      | Reached XP level 6. HP: 32/32 MP: 6/12
  3334 | D:4      | Found an ornate altar of the Wu Jian Council.
  3353 | D:4      | Slain by a gnoll

Illustrated notes

Levels and vault maps discovered:
D:1:      giann_wishing_wells, layout_loops_cross,
          dreamdust_ecumenical_altar_drowned_temple, serial_shops,
          nicolae_shop_hallway_plus
D:2:      layout_rooms, grunt_ministairs_9
D:3:      layout_loops_corners
D:4:      layout_basic, slow_altar_1, mainiacjoe_overflow_24_doors,
          mainiacjoe_overflow_alcove_4, minmay_temple_entry_poolview,
          hangedman_decor_growths, uniq_crazy_yiuf_cottage

Skill      XL: |  1  2  3  4  5 |
---------------+----------------+-----
Summonings     | 4 5 |  5.5
Spellcasting   | 3 4 |  4.5
Dodging        | |  1.5
Stealth        | |  2.1

Action                   |  1- 3 |  4- 6 || total
-------------------------+-------+-------++-------
Melee: Club              |    10 |       ||    10
       Unarmed           |     4 |       ||     4
       Punch             |     1 |     2 ||     3
       Short sword       |    22 |    73 ||    95
 Cast: Summon Small Mamm |     6 |     4 ||    10
       Call Imp          |     1 |     6 ||     7
       Call Canine Famil |       |     6 ||     6
  Use: Scroll            |     4 |     4 ||     8
 Stab: Sleeping          |     1 |     2 ||     3
Armor: Robe              |     3 |    14 ||    17
Dodge: Dodged            |    23 |    34 ||    57

Table legend: (Time is in decaauts)
 A = Elapsed time spent in this place.
 B = Non-inter-level travel time spent in this place.
 C = Inter-level travel time spent in this place.
 D = Time resting spent in this place.
 E = Time spent auto-exploring this place.
 F = Levels seen in this place.
 G = Mean time per level.
                   A        B        C        D        E       F      G
               +--------+--------+--------+--------+--------+-----+--------+
         Total |   3360 |   3244 |    116 |    450 |   2300 |   4 |  840.0 |
       Dungeon |   3360 |   3244 |    116 |    450 |   2300 |   4 |  840.0 |
               +--------+--------+--------+--------+--------+-----+--------+

Top non-repeatable levels by time:
     D:1: 1166 daAuts
     D:3: 1136 daAuts
     D:4: 580 daAuts
     D:2: 477 daAuts
